 Dungeon Crawl Stone Soup version 0.23.2-33-g5129a83184 (webtiles) character file.

Game seed: 5328282648938049990

20 MalarOregon the Digger (level 2, 0/24 HPs)
             Began as a Ghoul Earth Elementalist on July 15, 2019.
             Slain by a bat (1 damage)
             ... on level 2 of the Dungeon.
             The game lasted 00:01:33 (534 turns).

MalarOregon the Digger (Ghoul Earth Elementalist)    Turns: 534, Time: 00:01:33

Health: 0/24       AC:  2    Str: 11    XL:     2   Next: 79%
Magic:  0/3        EV: 12    Int: 10    God:
Gold:   94         SH:  0    Dex:  9    Spells: 3/4 levels left

rFire    . . .     SeeInvis .   (no weapon)
rCold    + . .     Gourm    .   (no shield)
rNeg     + + +     Faith    .   c - +0 robe
rPois    ∞         Spirit   .   (no helmet)
rElec    .         Reflect  .   (no cloak)
rCorr    .         Harm     .   (no gloves)
MR       .....                  (no boots)
Stlth    ++........             (no amulet)
HPRegen  0.00/turn              (no ring)
MPRegen  0.08/turn              (no ring)

@: rotting
A: rotting body, claws 1, carnivore, cold resistance 1, negative energy
resistance 3, inhibited regeneration, torment resistance, unbreathing
a: no special abilities


You were on level 2 of the Dungeon.
You were not hungry.

You visited 1 branch of the dungeon, and saw 2 of its levels.

You collected 94 gold pieces.

Inventory:

Missiles
 b - 49 stones (quivered)
Armour
 c - a +0 robe (worn)
Jewellery
 d - a cursed ring of attention {unknown}
   (You found it on level 1 of the Dungeon)
Scrolls
 f - 2 scrolls of identify {unknown}
Comestibles
 a - a chunk of flesh
 e - 3 rations {!d}


   Skills:
 + Level 1.6 Fighting
 - Level 1.7 Dodging
 - Level 2.1 Stealth
 - Level 1.7 Spellcasting
   Level 0.8 Transmutations
 + Level 3.9 Earth Magic


You had 3 spell levels left.
You knew the following spells:

 Your Spells              Type           Power        Failure   Level  Hunger
a - Sandblast             Erth           #.....       6%          1    ##.....

Your spell library contained the following spells:

 Spells                   Type           Power        Failure   Level  Hunger
 Passwall                 Tmut/Erth      #.......     19%         2    ###....
 Stone Arrow              Conj/Erth      #.....       41%         3    ####...
 Petrify                  Tmut/Erth      #.......     77%         4    #####..
 Lee's Rapid Deconstruct  Erth           #.........   87%         5    ######.


Dungeon Overview and Level Annotations

Branches:
Dungeon (2/15)

Altars:


Innate Abilities, Weirdness & Mutations

Your body is rotting away.
You thrive on raw meat.
You are immune to poison.
You have sharp fingernails.
You are carnivorous and can eat meat at any time.
Your flesh is cold resistant. (rC+)
You are immune to negative energy. (rN+++)
You do not regenerate when monsters are visible.
You are immune to unholy pain and torment.
You can survive without breathing.


Message History

The leopard gecko bites you but does no damage.
The kobold hits you with a +0 short sword.
* * * LOW HITPOINT WARNING * * *
The leopard gecko barely misses you.
Aim: a leopard gecko (heavily wounded, clinging)
The blast of sand hits the leopard gecko.
You kill the leopard gecko!
b - 52 stones The bat closely misses you.
The kobold hits you with a +0 short sword.
* * * LOW HITPOINT WARNING * * *
Aim: a kobold, wielding a +0 short sword The blast of sand hits the kobold!
You kill the kobold!
b - 51 stones The bat barely misses you.
The bat hits you but does no damage. The bat misses you.
Aim: a bat The blast of sand misses the bat.
b - 50 stones The bat closely misses you.
You don't have enough magic to cast that spell.
You scratch the bat. The bat barely misses you. The bat barely misses you.
You see here a leopard gecko corpse.
You miss the bat. The bat hits you.
* * * LOW HITPOINT WARNING * * *
The bat hits you but does no damage.
You miss the bat. The bat closely misses you. x2
The bat hits you but does no damage.
You closely miss the bat. The bat closely misses you.
The bat barely misses you.
You scratch the bat but do no damage. The bat barely misses you.
You closely miss the bat. The bat hits you.
* * * LOW HITPOINT WARNING * * *
Found an escape hatch in the ceiling.
You start resting.
The bat is too close now for your liking.
Aim: a bat The blast of sand misses the bat.
b - 49 stones The bat completely misses you.
The bat barely misses you.
Found a stone staircase leading up.
You barely miss the bat. The bat barely misses you.
The bat hits you but does no damage.
You barely miss the bat. The bat hits you but does no damage. The bat hits you.
* * * LOW HITPOINT WARNING * * *
You scratch the bat. The bat hits you but does no damage. The bat hits you.
You die...

#.+ #.#.# #.#.# #
#.#.# #.#.#.###
#.#.#.#.#
#.....#.###
#......b##
#.†##.##@##
##.#(.(.<....###+
.)......).........
####(.?...........
....#######.......#
#### <....####
#<#[.# #.#..# .#


You could see a bat.

Vanquished Creatures
  A dart slug (D:1)
  A leopard gecko (D:2)
  5 bats (D:1)
  A goblin (D:1)
  A frilled lizard (D:1)
  5 kobolds
  2 rats (D:1)
16 creatures vanquished.

Notes
Turn   | Place    | Note
-------+----------+-------------------------------------------
     0 | D:1      | MalarOregon the Ghoul Earth Elementalist began the quest
                  | for the Orb.
     0 | D:1      | Reached XP level 1. HP: 14/14 MP: 2/2
    83 | D:1      | Reached skill level 1 in Fighting
    83 | D:1      | Reached XP level 2. HP: 18/23 MP: 3/3
   533 | D:2      | HP: 1/24 [bat (1)]
   534 | D:2      | Slain by a bat

Skill      XL: |  1 |
---------------+----+-----
Fighting       | 1 |  1.6
Dodging        | |  1.7
Stealth        | |  2.1
Spellcasting   | |  1.7
Transmutations | |  0.8
Earth Magic    | |  3.9

Action                   || total
-------------------------++-------
Melee: Unarmed           ||    72
 Cast: Sandblast         ||     4
  Eat: Chunk             ||     4
Armor: Robe              ||    33
Dodge: Dodged            ||    89
